 Dungeon Crawl Stone Soup version 0.26-a0-665-gefeb406119 (webtiles) character file.

Game seed: 16652567295211589205

514 jiml777 the Digger (level 7, 0/37 HPs)
             Began as a Gargoyle Earth Elementalist on Oct 15, 2020.
             Slain by an orc priest
             ... wielding a +0 trident
              (5 damage)
             ... on level 4 of the Dungeon.
             The game lasted 00:33:37 (4514 turns).

jiml777 the Digger (Gargoyle Earth Elementalist)    Turns: 4514, Time: 00:33:38

Health: 0/37       AC: 16    Str:  8    XL:     7   Next: 20%
Magic:  13/13      EV: 13    Int: 19    God:
Gold:   116        SH:  0    Dex: 14    Spells: 8/14 levels left

rFire    + + +     SeeInvis .   A - +0 mace "Vingaace" {protect, rF+++ rN+ Str-4 Dex+4} (curse)
rCold    + . .     Faith    .   (no shield)
rNeg     + + +     Spirit   .   t - +0 robe {rC+}
rPois    ∞         Reflect  .   l - +0 helmet
rElec    +         Harm     .   (no cloak)
rCorr    .         Rampage  .   (no gloves)
MR       .....     Rnd*Rage +   (no boots)
Stlth    ++........             x - amulet of the acrobat
HPRegen  0.12/turn              k - ring of positive energy
MPRegen  0.13/turn              (no ring)

@: protection aura
A: thin metallic scales 1, berserk 1, clever 1, fire resistance 1, negative
energy resistance 1, electricity resistance, unbreathing, petrification
resistance, rot immunity, AC +4
a: no special abilities


You were on level 4 of the Dungeon.
You visited 1 branch of the dungeon, and saw 4 of its levels.

You collected 116 gold pieces.

Inventory:

Hand Weapons
 g - a +0 short sword
 r - a +2 vampiric dagger
 s - a +1 dagger of electrocution
 A - the cursed +0 mace "Vingaace" (weapon) {protect, rF+++ rN+ Str-4 Dex+4}
   (You found it on level 4 of the Dungeon)

   It grants its wielder temporary protection when it strikes (+7 to AC).
   It affects your strength (-4).
   It affects your dexterity (+4).
   It renders you almost immune to fire.
   It protects you from negative energy.
   It has a curse placed upon it.
Missiles
 b - 79 stones (quivered)
 d - 20 boomerangs
 h - 14 sling bullets
 j - 21 arrows
Armour
 c - a +0 robe
 l - a +0 helmet (worn)
 p - a +0 leather armour
 t - a +0 robe of cold resistance (worn)
Jewellery
 k - a ring of positive energy (left hand)
 x - an amulet of the acrobat (around neck)
Scrolls
 a - 2 scrolls of identify
 f - 4 scrolls of teleportation
 n - a scroll of immolation {unknown}
 o - a scroll of remove curse
 v - a scroll of fear {unknown}
 w - a scroll of amnesia {unknown}
 y - 2 scrolls of magic mapping
Potions
 e - a potion of heal wounds
 i - 2 potions of curing
 m - a potion of flight
 q - a potion of stabbing {unknown}
 u - a potion of magic {unknown}
 z - a potion of berserk rage {unknown}


   Skills:
 + Level 0.6 Fighting
 + Level 1.9 Short Blades
 + Level 2.3 Dodging
 + Level 2.6 Stealth
 + Level 4.2 Spellcasting
 * Level 1.9 Conjurations
 * Level 1.6 Transmutations
 + Level 5.8 Earth Magic


You had 8 spell levels left.
You knew the following spells:

 Your Spells              Type           Power        Failure   Level
a - Sandblast             Erth           ####..       1%          1
b - Passwall              Tmut/Erth      ###.....     4%          2
c - Stone Arrow           Conj/Erth      ###...       9%          3

Your spell library contained the following spells:

 Spells                   Type           Power        Failure   Level
 Corona                   Hex            #......      14%         1
 Ensorcelled Hibernation  Hex/Ice        #.....       21%         2
 Dazzling Flash           Conj/Hex       #.....       26%         3
 Petrify                  Tmut/Erth      ###.....     28%         4
 Lee's Rapid Deconstruct  Erth           ####......   34%         5
 Confusing Touch          Hex            #.......     38%         3
 Tukima's Dance           Hex            #.......     38%         3


Dungeon Overview and Level Annotations

Branches:
Dungeon (4/15)
 Temple: D:4-7

Altars:


Innate Abilities, Weirdness & Mutations

You are resistant to torment.
Your stone body is resilient. (AC +4)
You are immune to poison.
You resist negative energy. (rN+)
You are resistant to electric shocks. (rElec)
You can survive without breathing.
You are immune to petrification.
You are immune to rotting.
You are partially covered in thin metallic scales. (AC +2)
You tend to lose your temper in combat.
Your mind is acute. (Int +2)
Your flesh is heat resistant. (rF+)


Message History

The orc wizard miscasts a cantrip.
The orc priest misses you. The hound skeleton misses you.
Unknown command.
You hit the orc priest but do no damage.
The orc priest is heavily wounded.
The orc wizard hits you but does no damage.
The hound skeleton bites you but does no damage.
The orc wizard hits you but does no damage.
The orc priest closely misses you.
You can't unwield your weapon to draw a new one!
Number of times to repeat, then command key: You must enter the number of times for the command to repeat.
You hit the orc priest.
The orc priest is heavily wounded.
The orc wizard points at you and mumbles some strange words.
The magic dart hits you!
* * * LOW HITPOINT WARNING * * *
The hound skeleton misses you.
The orc priest hits you with a +0 trident.
You die...

*****#+***
*,..$.#******,** #.*
####...# #...#
#.####......# #...#
##>..........* #...#
#..........##* #...#
#...........# #...#
#.........#.# #...#
#.......o.#.## #...#
#.....Z@###..######...##
#.....)o# ##.#..........
#.......# #.#.#.....###
#######.#**#...#........
*,,,,,...,,##..#.....###
*,,,,,...,,*#..#.....###
*,,,,,...,,*##.#........
*,,,,.....,* #.#.....###
*,,,,,,,,,,* #.)####.#


You could see an orc priest, an orc wizard (fast) and a hound skeleton.

Vanquished Creatures
  A bullfrog skeleton (D:4)
  2 orc priests (D:3)
  2 orc wizards (D:4)
  Jessica (D:2)
  2 worker ants (D:4)
  Robin (D:2)
  11 gnolls
  5 adders
  An adder skeleton (D:4)
  5 worms
  4 dart slugs
  16 orcs
  2 ball pythons
  4 giant cockroaches
  10 goblins
  12 hobgoblins
  8 jackals
  2 quokkas (D:2)
  5 bats
  4 frilled lizards
  5 kobolds
  8 rats
111 creatures vanquished.

Vanquished Creatures (others)
  An orc (D:4)
1 creature vanquished.

Grand Total: 112 creatures vanquished

Notes
Turn   | Place    | Note
-------+----------+-------------------------------------------
     0 | D:1      | jiml777 the Gargoyle Earth Elementalist began the quest for
                  | the Orb.
     0 | D:1      | Reached XP level 1. HP: 10/10 MP: 3/3
   202 | D:1      | Reached skill level 4 in Earth Magic
   202 | D:1      | Reached XP level 2. HP: 10/15 MP: 0/5
   788 | D:1      | Gained mutation: Potions are less effective at restoring
                  | your health. [potion of mutation]
   788 | D:1      | Gained mutation: Your spells are a little harder to cast,
                  | but a little more powerful. [potion of mutation]
   788 | D:1      | Gained mutation: You are partially covered in thin metallic
                  | scales. (AC +2) [potion of mutation]
   851 | D:1      | Lost mutation: Your spells are a little harder to cast, but
                  | a little more powerful. [potion of mutation]
   851 | D:1      | Lost mutation: Potions are less effective at restoring your
                  | health. [potion of mutation]
   851 | D:1      | Gained mutation: Your mind is acute. (Int +2) [potion of
                  | mutation]
   851 | D:1      | Gained mutation: You tend to lose your temper in combat.
                  | [potion of mutation]
   851 | D:1      | Gained mutation: Your flesh is heat resistant. (rF+)
                  | [potion of mutation]
  1041 | D:1      | Reached XP level 3. HP: 19/19 MP: 4/6
  1252 | D:2      | Noticed Jessica
  1256 | D:2      | Killed Jessica
  1256 | D:2      | Reached XP level 4. HP: 24/24 MP: 4/8
  1477 | D:2      | Noticed Robin
  1500 | D:2      | Killed Robin
  1632 | D:2      | Reached XP level 5. HP: 28/28 MP: 2/9
  1639 | D:2      | Reached skill level 5 in Earth Magic
  1643 | D:2      | Learned a level 2 spell: Passwall
  1647 | D:2      | Learned a level 3 spell: Stone Arrow
  2249 | D:3      | Reached skill level 1 in Transmutations
  2458 | D:3      | Reached XP level 6. HP: 32/32 MP: 8/11
  2939 | D:3      | Reached skill level 1 in Short Blades
  3512 | D:3      | Reached skill level 1 in Conjurations
  3828 | D:4      | Reached XP level 7. HP: 35/37 MP: 1/13
  4496 | D:4      | Got a pitted mace
  4496 | D:4      | Identified the cursed +0 mace "Vingaace" {protect, rF+++
                  | rN+ Str-4 Dex+4} (You found it on level 4 of the Dungeon)
  4514 | D:4      | Slain by an orc priest

Illustrated notes

Levels and vault maps discovered:
D:1:      matt_arrival_diagonals, layout_basic
D:2:      layout_rooms, uniq_jessica, uniq_robin
D:3:      layout_loops_ring, minmay_tree_intersection
D:4:      layout_basic, lemuel_round_altar

Skill      XL: |  1  2  3  4  5  6 |
---------------+-------------------+-----
Earth Magic    | 4 5 |  5.8
Dodging        | 2 |  2.3
Spellcasting   | 3 4 |  4.2
Transmutations | 1 |  1.6
Short Blades   | 1 |  1.9
Conjurations   | 1 |  1.9
Fighting       | |  0.6
Stealth        | |  2.6

Action                   |  1- 3 |  4- 6 |  7- 9 || total
-------------------------+-------+-------+-------++-------
Melee: Unarmed           |    10 |       |       ||    10
       Short sword       |       |   177 |    23 ||   200
       Mace              |       |       |    15 ||    15
       Dagger            |       |       |     9 ||     9
 Cast: Sandblast         |    33 |    80 |    16 ||   129
  Use: Potion            |     4 |       |       ||     4
       Scroll            |       |     3 |     3 ||     6
Armor: Robe              |     6 |    75 |    35 ||   116
Dodge: Dodged            |    16 |   113 |    53 ||   182

Table legend: (Time is in decaauts)
 A = Elapsed time spent in this place.
 B = Non-inter-level travel time spent in this place.
 C = Inter-level travel time spent in this place.
 D = Time resting spent in this place.
 E = Time spent auto-exploring this place.
 F = Levels seen in this place.
 G = Mean time per level.
                   A        B        C        D        E       F      G
               +--------+--------+--------+--------+--------+-----+--------+
         Total |   4583 |   4542 |     41 |   1625 |   1711 |   4 | 1145.8 |
       Dungeon |   4583 |   4542 |     41 |   1625 |   1711 |   4 | 1145.8 |
               +--------+--------+--------+--------+--------+-----+--------+

Top non-repeatable levels by time:
     D:3: 1367 daAuts
     D:2: 1345 daAuts
     D:1: 1169 daAuts
     D:4: 700 daAuts
